 Dungeon Crawl Stone Soup version 0.29-a0-791-ga0f254aafb (webtiles) character file.

Game seed: 5595025740372526496

1529 Garessta the Transmogrifier (level 8, 37/37 HPs)
             Began as a Felid Transmuter on July 3, 2022.
             Was an Elder of Ru.
             Quit the game in a bailey.
             The game lasted 00:36:20 (11036 turns).

Garessta the Transmogrifier (Felid Transmuter)     Turns: 11036, Time: 00:36:20

Health: 37/37      AC:  2    Str:  8    XL:     8   Next: 55%
Magic:  14/14      EV: 23    Int: 16    God:    Ru [****..]
Gold:   412        SH:  0    Dex: 29    Spells: 4/14 levels left
                                        Lives:  0   Deaths: 2

rFire   . . .      SeeInvis +     - Unarmed
rCold   . . .      Faith    .   (shield unavailable)
rNeg    . . .      Spirit   +   (body armour unavailable)
rPois   .          Reflect  .   (helmet unavailable)
rElec   .          Harm     .   (cloak unavailable)
rCorr   .          Rampage  .   (gloves unavailable)
Will    +....                   (boots unavailable)
Stlth   ++++......              n - amulet of guardian spirit
HPRegen 0.12/turn               e - +6 ring of dexterity
MPRegen 0.14/turn               t - +6 ring of dexterity

@: quick
A: very small, claws 1, fangs 3, see invisible, speed 1, shaggy fur 2, inability
to read while threatened 2, inability to use devices, hated by all, stealthy
paws, no weapons or thrown items, no armour, multi-lived
a: Renounce Religion, Draw Out Power, Power Leap


You were in a bailey.
You worshipped Ru.
Ru was greatly pleased with you.
You visited 2 branches of the dungeon, and saw 8 of its levels.
You also visited: Bailey.

You collected 412 gold pieces.

Inventory:

Jewellery
 e - a +6 ring of dexterity (left paw)
 g - an amulet of the acrobat
 n - an amulet of guardian spirit (around neck)
 t - a +6 ring of dexterity (right paw)
Scrolls
 b - a scroll of blinking
 d - a scroll of teleportation
 f - 2 scrolls of enchant armour {unknown}
 i - a scroll of amnesia {unknown}
 k - a scroll of immolation {unknown}
 l - a scroll of fear {unknown}
 m - 2 scrolls of torment {unknown}
 q - a scroll of noise {unknown}
 r - a scroll of enchant weapon {unknown}
 v - a scroll of magic mapping {unknown}
Potions
 c - 5 potions of curing
 h - a potion of resistance
 j - 4 potions of attraction
 o - a potion of mutation
 p - a potion of cancellation {unknown}
 s - 2 potions of might
 u - a potion of heal wounds {unknown}


   Skills:
 * Level 5.1 Fighting
 + Level 5.3 Dodging
 + Level 4.8 Stealth
 + Level 4.5 Unarmed Combat
 + Level 3.6 Spellcasting
 + Level 8.2 Transmutations
 + Level 6.0 Ice Magic
 - Level 1.7 Poison Magic


You had 4 spell levels left.
You knew the following spells:

 Your Spells              Type           Power      Damage    Failure   Level
a - Beastly Appendage     Tmut           58%        N/A       1%          1
b - Wereblood             Tmut           29%        N/A       1%          2
c - Spider Form           Tmut/Pois      18%        N/A       7%          3
d - Ice Form              Ice/Tmut       25%        N/A       10%         4

Your spell library contained the following spells:

 Spells                   Type           Power      Damage    Failure   Level
 Leda's Liquefaction      Hex/Erth       1%         N/A       86%         4
 Call Canine Familiar     Summ           Unusable   N/A       N/A         3
 Portal Projectile        Hex/Tloc       Unusable   N/A       N/A         3

Dungeon Overview and Level Annotations

Branches:
Dungeon (7/15)             Temple (1/1) D:5          Bailey (1/1)

Altars:
Ashenzari
Dithmenos
Elyvilon
Gozag
Kikubaaqudgha
Makhleb
Okawaru
Qazlal
Ru
Trog
Uskayaw
Vehumet
Wu Jian
Xom
Zin
The Shining One


Innate Abilities, Weirdness & Mutations

You have sharp claws.
You have razor-sharp teeth.
You have supernaturally acute eyesight. (SInv)
You cover ground quickly. (Speed+)
You are covered in thick fur. (AC +2)
You sometimes lose the ability to read scrolls when taking damage.
You cannot study or use magical devices.
You are hated by all.
Your paws help you pounce on unaware monsters.
You are incapable of wielding weapons or throwing items.
You cannot wear armour.
You gain extra lives every three experience levels.


Message History

You hit the vampire but do no damage.
The vampire is lightly damaged.
The vampire hits you with a +2 vampiric halberd!
You feel threatened and lose the ability to read scrolls!
The vampire draws strength from your wounds!
The vampire bites you!
The vampire draws strength from your injuries!
You hit the vampire but do no damage.
The vampire hits you with a +2 vampiric halberd.
You focus your inner power and illuminate the vampire in retribution!
The vampire bites you but does no damage.
You smack the vampire!
The vampire is moderately damaged.
The vampire hits you with a +2 vampiric halberd.
The vampire completely misses you.
You hit the vampire but do no damage.
The vampire is moderately damaged.
The vampire hits you with a +2 vampiric halberd!
* * * LOW HITPOINT WARNING * * *
The vampire bites you.
* * * LOW HITPOINT WARNING * * *
The vampire draws strength from your injuries!
You feel yourself speed up.
The vampire hits you with a +2 vampiric halberd!
* * * LOW HITPOINT WARNING * * *
The vampire draws strength from your wounds!
The vampire bites you but does no damage.
You hit the vampire but do no damage.
You redirect the vampire's attack!
The vampire is stunned by your conviction and fails to attack.
You hit the vampire but do no damage. You hit the vampire but do no damage.
The vampire hits you with a +2 vampiric halberd!
You die...
Your shape twists and changes as you die.
The vampire bites you but does no damage.
You are now level 8!
You feel less wooden.
You rejoin the land of the living...
Are you sure you want to abandon this character and quit the game? (Confirm with "yes".)

##8![.## ##!)V.![##
#8..##..8# #..## #..#
#############..## #..#
#.[#)......8#...##...#
#..#8.......##......##
#..#######...##V...##
#.)#8....##.@.##†'###
####'#......#.........#
#....#...)...........8#
#....#..)#....#########
#....'...##..##.....8#
#....'..))####.......#
#....####)..#........#
#...)#..#...........#####
♣♣#'##)#).#...♣.......#...#


There were no monsters in sight!

Vanquished Creatures
  A gargoyle (Bailey)
  Eustachio (D:4)
  Menkaure (D:4)
  Duvessa (D:4)
  2 ice beasts (D:6)
  2 sky beasts (D:6)
  2 phantoms
  2 bullfrogs (D:6)
  A kobold brigand (D:6)
  A gnoll sergeant (D:6)
  2 necrophages
  3 scorpions
  Dowan (D:4)
  8 vampire bats (Bailey)
  2 howler monkeys
  5 wolf zombies (Bailey)
  5 hounds
  2 orc priests
  3 jellies
  An iguana (D:5)
  2 orc wizards
  8 gnolls
  8 adders
  An ufetubus (D:5)
  2 worms (D:2)
  5 dart slugs
  29 orcs
  4 ball pythons
  13 endoplasms
  9 giant cockroaches
  8 goblins
  4 hobgoblins
  17 jackals
  7 quokkas
  4 bats
  A frilled lizard (D:1)
  11 kobolds
  21 orc zombies (Bailey)
  7 rats
207 creatures vanquished.

Vanquished Creatures (others)
  A wolf zombie (Bailey)
  A kobold (D:2)
  A withered plant (D:1)
3 creatures vanquished.

Grand Total: 210 creatures vanquished

Notes
Turn   | Place    | Note
-------+----------+-------------------------------------------
     0 | D:1      | Garessta the Felid Transmuter began the quest for the Orb.
     0 | D:1      | Reached XP level 1. HP: 9/9 MP: 4/4
   109 | D:1      | Reached skill level 1 in Poison Magic
   109 | D:1      | Reached XP level 2. HP: 3/12 MP: 4/6
   113 | D:1      | Learned a level 2 spell: Wereblood
   432 | D:1      | Reached skill level 3 in Transmutations
   584 | D:1      | Found a faded altar of an unknown god.
   593 | D:1      | Prayed at the altar of an unknown god.
   593 | D:1      | Became a worshipper of Ru the Awakened
   610 | D:1      | Reached XP level 3. HP: 15/15 MP: 3/7
   617 | D:1      | Gained mutation: You cannot study or use magical devices.
                  | [Ru sacrifice]
   617 | D:1      | Reached * piety under Ru
   617 | D:1      | Reached ** piety under Ru
   785 | D:1      | Learned a level 3 spell: Spider Form
  1884 | D:2      | Reached skill level 1 in Ice Magic
  1966 | D:2      | Reached XP level 4. HP: 16/19 MP: 5/8
  1971 | D:2      | Slain by a worm
  1972 | D:2      | Reached XP level 3. HP: -2/15 MP: 5/7
  2419 | D:2      | Reached skill level 4 in Transmutations
  2497 | D:2      | Reached XP level 4. HP: 19/19 MP: 6/8
  3637 | D:3      | Found an ancient bone altar of Kikubaaqudgha.
  3932 | D:4      | Noticed a necrophage
  4016 | D:4      | Reached XP level 5. HP: 22/22 MP: 6/9
  4049 | D:4      | Reached skill level 5 in Transmutations
  4168 | D:4      | Gained mutation: You are covered in thick fur. (AC +2)
                  | [Felid growth]
  4168 | D:4      | Reached XP level 6. HP: 17/25 MP: 8/10
  4177 | D:4      | Gained mutation: You are hated by all. [Ru sacrifice]
  4177 | D:4      | Reached *** piety under Ru
  4292 | D:5      | Entered Level 5 of the Dungeon
  4745 | D:4      | Noticed Eustachio
  4756 | D:4      | Killed Eustachio
  4757 | D:4      | Reached skill level 6 in Transmutations
  4757 | D:4      | Reached XP level 7. HP: 28/28 MP: 8/11
  4765 | D:4      | Learned a level 4 spell: Ice Form
  4789 | D:4      | Noticed Menkaure
  4789 | D:4      | Noticed Dowan
  5071 | D:4      | Noticed a +0 dagger
  5071 | D:4      | Noticed a +0 dagger
  5073 | D:4      | Noticed a +0 short sword
  5073 | D:4      | Noticed a +0 falchion
  5073 | D:4      | Noticed a +0 spear
  5074 | D:4      | Noticed a +0 short sword
  5074 | D:4      | Noticed a +0 falchion
  5075 | D:4      | Noticed a +0 spear
  5090 | D:4      | Found a hide-covered altar of Uskayaw.
  5182 | D:4      | Noticed Duvessa
  5224 | D:4      | Killed Duvessa
  5385 | D:4      | Killed Dowan
  5531 | D:4      | Killed Menkaure
  5532 | D:4      | Reached skill level 7 in Transmutations
  5532 | D:4      | Reached skill level 5 in Ice Magic
  6374 | D:5      | Reached skill level 1 in Stealth
  6477 | D:5      | Reached XP level 8. HP: 33/33 MP: 9/12
  7162 | D:5      | Found a staircase to the Ecumenical Temple.
  7389 | Temple   | Entered the Ecumenical Temple
  8245 | D:6      | Gained mutation: You occasionally lose the ability to read
                  | scrolls when taking damage. [Ru sacrifice]
  8245 | D:6      | Gained mutation: You sometimes lose the ability to read
                  | scrolls when taking damage. [Ru sacrifice]
  8245 | D:6      | Reached **** piety under Ru
  9311 | D:6      | Reached XP level 9. HP: 33/39 MP: 4/14
  9424 | D:7      | Found a flagged portal.
  9433 | Bailey   | Entered a bailey
 10001 | Bailey   | Reached skill level 8 in Transmutations
 10084 | Bailey   | Reached skill level 5 in Dodging
 10134 | Bailey   | Noticed a gargoyle
 10146 | Bailey   | Killed a gargoyle
 10767 | Bailey   | Reached skill level 5 in Fighting
 11035 | Bailey   | Slain by a vampire
 11036 | Bailey   | Reached XP level 8. HP: -3/55 MP: 0/14
 11036 | Bailey   | Quit the game

Illustrated notes

Levels and vault maps discovered:
D:1:      dpeg_arrival_simpleton_b, layout_rooms,
          ebering_ecumenical_altar_petrified
D:2:      minmay_general_purpose_star, layout_basic, minmay_worlds_worst_comb
D:3:      layout_loops_ring, overflow_temple_1_default, serial_glass,
          glass_columns_a, glass_columns_a
D:4:      layout_rooms, nicolae_uskayaw_en_pointe, amcnicky_altar_gilded,
          chequers_serial_rivers_marsh, st_stairs_10, uniq_eustachio,
          uniq_menkaure, uniq_duvessa
D:5:      layout_basic, minmay_temple_entry_gardened_gates
D:6:      layout_basic, grunt_ministairs_15
D:7:      layout_loops_ring, gammafunk_ghost_grave,
          lightli_bailey_entry_fortress, nicolae_figureground_sparkle
Temple:   nicolae_temple_no_exploring_needed
Bailey:   bailey_polearm_vampire_castle_hellmonk, bailey

Skill      XL: |  1  2  3  4  5  6  7  8  9 |
---------------+----------------------------+-----
Poison Magic   | 1 |  1.7
Transmutations | 3 4 5 6 7 8 |  8.2
Ice Magic      | 1 2 3 4 5 6 |  6.0
Dodging        | 3 4 5 |  5.3
Stealth        | 1 3 4 |  4.8
Fighting       | 3 5 |  5.1
Spellcasting   | 3 |  3.6
Unarmed Combat | 4 |  4.5

Action                   |  1- 3 |  4- 6 |  7- 9 || total
-------------------------+-------+-------+-------++-------
Melee: Unarmed           |   143 |   121 |   371 ||   635
       Headbutt          |    19 |    14 |     4 ||    37
       Bite              |    12 |     6 |     2 ||    20
       Punch             |     3 |     4 |       ||     7
 Cast: Beastly Appendage |    33 |    19 |     7 ||    59
       Wereblood         |     7 |     7 |    17 ||    31
       Spider Form       |     3 |     5 |     7 ||    15
       Ice Form          |       |       |    36 ||    36
Invok: Sacrifice Artific |     1 |       |       ||     1
       Sacrifice Love    |       |     1 |       ||     1
       Power Leap        |       |       |     3 ||     3
       Sacrifice Words   |       |       |     1 ||     1
 Abil: End Transformatio |     1 |       |     4 ||     5
  Use: Scroll            |       |     2 |     5 ||     7
       Potion            |       |       |     3 ||     3
 Stab: Sleeping          |     3 |     2 |     6 ||    11
       Invisible         |     1 |     1 |     3 ||     5
       Distracted        |       |     1 |     6 ||     7
       Paralysed         |       |       |     1 ||     1
Armor: Skin              |     4 |     8 |    64 ||    76
Dodge: Dodged            |    87 |   102 |   296 ||   485

Table legend: (Time is in decaauts)
 A = Elapsed time spent in this place.
 B = Non-inter-level travel time spent in this place.
 C = Inter-level travel time spent in this place.
 D = Time resting spent in this place.
 E = Time spent auto-exploring this place.
 F = Levels seen in this place.
 G = Mean time per level.
                   A        B        C        D        E       F      G
               +--------+--------+--------+--------+--------+-----+--------+
         Total |  10195 |  10023 |    172 |   2911 |   5074 |   9 | 1132.8 |
       Dungeon |   8634 |   8462 |    172 |   2132 |   4751 |   7 | 1233.4 |
        Temple |      1 |      1 |      0 |      0 |      0 |   1 |    1.0 |
        Bailey |   1559 |   1559 |      0 |    779 |    323 |   1 | 1559.0 |
               +--------+--------+--------+--------+--------+-----+--------+

Top non-repeatable levels by time:
     D:6: 1791 daAuts
     D:5: 1580 daAuts
     D:1: 1564 daAuts
  Bailey: 1559 daAuts
     D:3: 1388 daAuts
     D:4: 1299 daAuts
     D:2: 951 daAuts
     D:7: 58 daAuts
  Temple: 1 daAuts
